| TOP OF THE 1ST |
|
San Diego (APP) Padres batting - Pitching for Ogden Raptors : RHP Cory Fischer
|
|
Pitching: RHP Cory Fischer
|
|
|
Batting: RHB Adrian Cook
|
0-0: Ball 1-0: Foul Ball, location: 2F 1-1: SOLO HOME RUN (Line Drive, 9D, EV 98.8 MPH), Distance : 398 ft
|
|
Batting: RHB Aaron Joseph
|
0-0: Called Strike 0-1: Called Strike 0-2: Ball 1-2: Ball 2-2: DOUBLE (Line Drive, 78D, EV 106.2 MPH)
|
|
Batting: LHB Carlos Cuellar
|
0-0: Called Strike 0-1: Called Strike 0-2: 2-RUN HOME RUN (Flyball, 9LD, EV 94.4 MPH), Distance : 352 ft
|
|
Batting: LHB Conor Barron
|
0-0: Fly out, F9 (Flyball, 9LD, EV 94.4 MPH)
|
|
Batting: RHB Brian Klinkner
|
0-0: Ball 1-0: Fly out, F7 (Flyball, 7LSF, EV 78.8 MPH)
|
|
Batting: RHB Max Stillo
|
0-0: Foul Ball, location: 2F 0-1: Ball 1-1: Foul Ball, location: 2F 1-2: Ground out 4-3 (Groundball, 4, EV 84.4 MPH)
|
| Top of the 1st over - 3 runs, 3 hits, 0 errors, 0 left on base; San Diego (APP) 3 - Ogden 0 |
| BOTTOM OF THE 1ST |
|
Ogden Raptors batting - Pitching for San Diego (APP) Padres : LHP Dae-Jung Cho
|
|
Pitching: LHP Dae-Jung Cho
|
|
|
Batting: LHB Cory Bowler
|
0-0: Called Strike 0-1: Ball 1-1: Ball 2-1: Ball 3-1: Ground out 6-3 (Groundball, 6, EV 80.6 MPH)
|
|
Batting: RHB Justin Curran
|
0-0: Foul Ball, location: 2F 0-1: Foul Ball, location: 2F 0-2: Ball 1-2: Ball 2-2: Foul Ball, location: 2F 2-2: Foul Ball, location: 2F 2-2: Ball 3-2: Foul Ball, location: 2F 3-2: Base on Balls
|
|
Batting: RHB Jonathan Kirsch
|
0-0: Ball 1-0: Ball 2-0: Foul Ball, location: 2F 2-1: Ball 3-1: Called Strike 3-2: Strikes out swinging Justin Curran is caught stealing 2nd base 2-4 Batter strikes out.
|
| Bottom of the 1st over - 0 runs, 0 hits, 0 errors, 0 left on base; San Diego (APP) 3 - Ogden 0 |
| TOP OF THE 2ND |
|
San Diego (APP) Padres batting - Pitching for Ogden Raptors : RHP Cory Fischer
|
|
Pitching: RHP Jeff Lewis
|
|
|
Batting: LHB Ramon Padilla
|
0-0: Ball 1-0: Ball 2-0: Called Strike 2-1: Ball 3-1: DOUBLE (Flyball, 89D, EV 102.5 MPH)
|
|
Batting: RHB Ed Oake
|
0-0: Called Strike 0-1: Ground out 6-3 (Groundball, 6M, EV 91.9 MPH) Ramon Padilla to third
|
|
Batting: RHB Hugo Montemayor
|
0-0: Hit by Pitch
|
|
Batting: RHB Adrian Cook
|
0-0: Swinging Strike 0-1: Called Strike 0-2: Ball 1-2: Ball 2-2: Foul Ball, location: 2F 2-2: Ball 3-2: Strikes out swinging
|
|
Batting: RHB Aaron Joseph
|
0-0: Foul Ball, location: 2F 0-1: Ball 1-1: Ball 2-1: DOUBLE (Flyball, 78D, EV 95.0 MPH) Ramon Padilla scores Hugo Montemayor to third Runner from 3rd tries for Home, SAFE, throw by CF to trailing runner, OUT at third! 8-3-5
|
| Top of the 2nd over - 2 runs, 2 hits, 0 errors, 0 left on base; San Diego (APP) 5 - Ogden 0 |
| BOTTOM OF THE 2ND |
|
Ogden Raptors batting - Pitching for San Diego (APP) Padres : LHP Dae-Jung Cho
|
|
Batting: SHB Dave Reynoso
|
0-0: Ball 1-0: Ball 2-0: Ball 3-0: Called Strike 3-1: Called Strike 3-2: Foul Ball, location: 2F 3-2: Base on Balls
|
|
Batting: LHB Nate Kee
|
0-0: Ball Wild Pitch! Dave Reynoso to second 1-0: Ball 2-0: Ball 3-0: Base on Balls
|
|
Batting: RHB Joe Bower
|
0-0: Ball 1-0: Foul Ball, location: 2F 1-1: Ball 2-1: Grounds into double play, 4-6-3 (Groundball, 4, EV 91.9 MPH) Dave Reynoso to third
|
|
Batting: RHB Brad Brady
|
0-0: Ball 1-0: Swinging Strike 1-1: Ball 2-1: Ball 3-1: Base on Balls
|
|
Batting: RHB John Hanson
|
0-0: Ball 1-0: Foul Ball, location: 2F 1-1: Called Strike 1-2: Ball 2-2: Ball 3-2: Strikes out swinging
|
| Bottom of the 2nd over - 0 runs, 0 hits, 0 errors, 2 left on base; San Diego (APP) 5 - Ogden 0 |
| TOP OF THE 3RD |
|
San Diego (APP) Padres batting - Pitching for Ogden Raptors : RHP Jeff Lewis
|
|
Pitching: RHP Clyde Miller
|
|
|
Batting: LHB Carlos Cuellar
|
0-0: Foul Ball, location: 2F 0-1: Swinging Strike 0-2: Ball 1-2: Hit by Pitch
|
|
Batting: LHB Conor Barron
|
0-0: Ball Wild Pitch! Carlos Cuellar to second 1-0: Ball 2-0: Called Strike 2-1: Swinging Strike 2-2: Fly out, F6 (Line Drive, 6, EV 65.6 MPH)
|
|
Batting: RHB Brian Klinkner
|
0-0: Called Strike 0-1: Ball 1-1: Fly out, F8 (Flyball, 89XD, EV 114.4 MPH)
|
|
Batting: RHB Max Stillo
|
0-0: Called Strike 0-1: Called Strike 0-2: Strikes out swinging
|
| Top of the 3rd over - 0 runs, 0 hits, 0 errors, 1 left on base; San Diego (APP) 5 - Ogden 0 |
| BOTTOM OF THE 3RD |
|
Ogden Raptors batting - Pitching for San Diego (APP) Padres : LHP Dae-Jung Cho
|
|
Batting: SHB Jason Todd
|
0-0: Ball 1-0: Ball 2-0: Ball 3-0: Base on Balls
|
|
Batting: LHB Cory Bowler
|
0-0: Swinging Strike 0-1: Called Strike 0-2: Strikes out swinging
|
|
Batting: RHB Justin Curran
|
0-0: Called Strike 0-1: Ball 1-1: Foul Ball, location: 2F 1-2: Strikes out swinging
|
|
Batting: RHB Jonathan Kirsch
|
0-0: Ball 1-0: Ball 2-0: Called Strike 2-1: Fly out, F8 (Flyball, 8RXD, EV 90.6 MPH)
|
| Bottom of the 3rd over - 0 runs, 0 hits, 0 errors, 1 left on base; San Diego (APP) 5 - Ogden 0 |
| TOP OF THE 4TH |
|
San Diego (APP) Padres batting - Pitching for Ogden Raptors : RHP Clyde Miller
|
|
Batting: LHB Ramon Padilla
|
0-0: Foul Ball, location: 2F 0-1: Foul Ball, location: 2F 0-2: Foul Ball, location: 2F 0-2: Ball 1-2: Ball 2-2: Ball 3-2: Base on Balls
|
|
Batting: RHB Ed Oake
|
0-0: Ball 1-0: Called Strike 1-1: Foul Ball, location: 2F 1-2: Fielders Choice at 2nd, 3-6 (Groundball, 3, EV 101.9 MPH)
|
|
Pitching: RHP Balinda Msrah
|
|
|
Batting: RHB Hugo Montemayor
|
0-0: Ball 1-0: Called Strike 1-1: Called Strike 1-2: Ball Wild Pitch! Ed Oake to second 2-2: Strikes out swinging
|
|
Batting: RHB Adrian Cook
|
0-0: Foul Ball, location: 2F 0-1: Ball 1-1: Ball 2-1: TRIPLE (Line Drive, 7D, EV 104.4 MPH) Ed Oake scores
|
|
Batting: RHB Aaron Joseph
|
0-0: SINGLE (Groundball, 6MD, EV 104.4 MPH) Adrian Cook scores
|
|
Batting: LHB Carlos Cuellar
|
0-0: Ball 1-0: SINGLE (Groundball, 6MD, EV 110.6 MPH) Aaron Joseph to second
|
|
Batting: LHB Conor Barron
|
0-0: Ground out 3-1 (Groundball, 34S, EV 79.4 MPH)
|
| Top of the 4th over - 2 runs, 3 hits, 0 errors, 2 left on base; San Diego (APP) 7 - Ogden 0 |
| BOTTOM OF THE 4TH |
|
Ogden Raptors batting - Pitching for San Diego (APP) Padres : LHP Dae-Jung Cho
|
|
Batting: SHB Dave Reynoso
|
0-0: Called Strike 0-1: Ball 1-1: Swinging Strike 1-2: Ball 2-2: Foul Ball, location: 2F 2-2: Ball 3-2: Foul Ball, location: 2F 3-2: Foul Ball, location: 2F 3-2: Base on Balls
|
|
Batting: LHB Nate Kee
|
0-0: Swinging Strike 0-1: Foul Ball, location: 2F 0-2: Ball 1-2: Ball 2-2: Strikes out looking
|
|
Batting: RHB Joe Bower
|
0-0: DOUBLE (Flyball, 7LD, EV 87.5 MPH) Dave Reynoso to third
|
|
Batting: RHB Brad Brady
|
0-0: Ball 1-0: Ball 2-0: Called Strike 2-1: Ball 3-1: SINGLE (Flyball, 3D, EV 91.9 MPH) Dave Reynoso scores Joe Bower to third
|
|
Batting: RHB John Hanson
|
0-0: DOUBLE (Groundball, 5L, EV 105.6 MPH) Joe Bower scores Brad Brady to third Runner from 3rd tries for Home, SAFE, throw by LF to home
|
|
Batting: SHB Jason Todd
|
0-0: Called Strike 0-1: Swinging Strike 0-2: Ball 1-2: Strikes out swinging
|
|
Batting: LHB Cory Bowler
|
0-0: Ball 1-0: Ball 2-0: Foul Ball, location: 2F 2-1: Ground out 6-3 (Groundball, 6S, EV 83.1 MPH)
|
| Bottom of the 4th over - 3 runs, 3 hits, 0 errors, 1 left on base; San Diego (APP) 7 - Ogden 3 |
| TOP OF THE 5TH |
|
San Diego (APP) Padres batting - Pitching for Ogden Raptors : RHP Balinda Msrah
|
|
Batting: RHB Brian Klinkner
|
0-0: Ball 1-0: Ball 2-0: Ball 3-0: Called Strike 3-1: Foul Ball, location: 2F 3-2: Base on Balls
|
|
Batting: RHB Max Stillo
|
0-0: Ball 1-0: Ball 2-0: Foul Ball, location: 2F 2-1: Foul Ball, location: 2F 2-2: Foul Ball, location: 2F 2-2: Strikes out swinging
|
|
Batting: LHB Ramon Padilla
|
0-0: Ball 1-0: Called Strike 1-1: Ball 2-1: Foul Ball, location: 2F 2-2: Foul Ball, location: 2F 2-2: Ball 3-2: Base on Balls Brian Klinkner to second
|
|
Batting: RHB Ed Oake
|
0-0: Ball 1-0: Swinging Strike 1-1: Ball 2-1: Swinging Strike 2-2: Ball Wild Pitch! Brian Klinkner to third Ramon Padilla to second 3-2: Foul Ball, location: 2F 3-2: Ground out U3 (Groundball, 34, EV 103.8 MPH) Brian Klinkner scores Ramon Padilla to third
|
|
Batting: RHB Hugo Montemayor
|
0-0: Ball Passed Ball! Ramon Padilla scores 1-0: Fly out, F8 (Flyball, 8LD, EV 88.1 MPH)
|
| Top of the 5th over - 2 runs, 0 hits, 0 errors, 0 left on base; San Diego (APP) 9 - Ogden 3 |
| BOTTOM OF THE 5TH |
|
Ogden Raptors batting - Pitching for San Diego (APP) Padres : LHP Dae-Jung Cho
|
|
Batting: RHB Justin Curran
|
0-0: Ball 1-0: Fly out, F7 (Line Drive, 78M, EV 103.1 MPH)
|
|
Batting: RHB Jonathan Kirsch
|
0-0: Ball 1-0: Ball 2-0: Foul Ball, location: 2F 2-1: Ground out 5-3 (Groundball, 5, EV 83.1 MPH)
|
|
Batting: SHB Dave Reynoso
|
0-0: Foul Ball, location: 2F 0-1: Ball 1-1: Ball 2-1: Ball 3-1: Fly out, F4 (Popup, 3D, EV 70.6 MPH)
|
| Bottom of the 5th over - 0 runs, 0 hits, 0 errors, 0 left on base; San Diego (APP) 9 - Ogden 3 |
| TOP OF THE 6TH |
|
San Diego (APP) Padres batting - Pitching for Ogden Raptors : RHP Balinda Msrah
|
|
Batting: RHB Adrian Cook
|
0-0: SINGLE (Groundball, 6MS, EV 63.8 MPH) (infield hit)
|
|
Batting: RHB Aaron Joseph
|
0-0: Ball Adrian Cook steals 2nd base 1-0: Ball 2-0: Called Strike 2-1: Ground out 6-3 (Groundball, 6, EV 84.4 MPH) Adrian Cook to third
|
|
Batting: LHB Carlos Cuellar
|
0-0: SINGLE (Line Drive, 8LS, EV 92.5 MPH) Adrian Cook scores
|
|
Batting: LHB Conor Barron
|
0-0: Ball 1-0: Swinging Strike 1-1: Foul Ball, location: 2F 1-2: Ball 2-2: Ball 3-2: Fly out, F3 (Line Drive, 3, EV 73.8 MPH) Lined into DP, U3 (Line Drive, 3, EV 73.1 MPH)
|
| Top of the 6th over - 1 run, 2 hits, 0 errors, 0 left on base; San Diego (APP) 10 - Ogden 3 |
| BOTTOM OF THE 6TH |
|
Ogden Raptors batting - Pitching for San Diego (APP) Padres : LHP Dae-Jung Cho
|
|
Pitching: RHP Eric Busby
|
|
|
Batting: LHB Nate Kee
|
0-0: Ball 1-0: Called Strike 1-1: Ball 2-1: Fly out, F8 (Flyball, 8LD, EV 95.0 MPH)
|
|
Batting: RHB Joe Bower
|
0-0: Called Strike 0-1: Ball 1-1: Called Strike 1-2: Strikes out swinging
|
|
Batting: RHB Brad Brady
|
0-0: Ball 1-0: Ball 2-0: Ball 3-0: Base on Balls
|
|
Batting: RHB John Hanson
|
0-0: Called Strike 0-1: Foul Ball, location: 2F 0-2: Ball 1-2: Strikes out swinging
|
| Bottom of the 6th over - 0 runs, 0 hits, 0 errors, 1 left on base; San Diego (APP) 10 - Ogden 3 |
| TOP OF THE 7TH |
|
San Diego (APP) Padres batting - Pitching for Ogden Raptors : RHP Balinda Msrah
|
|
Batting: RHB Brian Klinkner
|
0-0: Called Strike 0-1: SINGLE (Groundball, 56D, EV 96.9 MPH)
|
|
Batting: RHB Max Stillo
|
0-0: Called Strike 0-1: Foul Ball, location: 2F 0-2: SINGLE (Line Drive, 78M, EV 96.2 MPH) Brian Klinkner to second
|
|
Batting: LHB Ramon Padilla
|
0-0: Called Strike 0-1: Foul Ball, location: 2F 0-2: Strikes out looking
|
|
Pitching: RHP Alfredo Sanchez
|
|
|
Batting: RHB Ed Oake
|
0-0: Ball 1-0: Called Strike 1-1: Called Strike 1-2: Ball 2-2: Foul Ball, location: 2F 2-2: Foul Ball, location: 2F 2-2: Foul Ball, location: 2F 2-2: Ball 3-2: Strikes out swinging
|
|
Batting: RHB Hugo Montemayor
|
0-0: Called Strike 0-1: Called Strike 0-2: Strikes out swinging
|
| Top of the 7th over - 0 runs, 2 hits, 0 errors, 2 left on base; San Diego (APP) 10 - Ogden 3 |
| BOTTOM OF THE 7TH |
|
Ogden Raptors batting - Pitching for San Diego (APP) Padres : RHP Eric Busby
|
|
Batting: SHB Jason Todd
|
0-0: Ball 1-0: Ball 2-0: Ball 3-0: Called Strike 3-1: Foul Ball, location: 2F 3-2: Foul Ball, location: 2F 3-2: Base on Balls
|
|
Batting: LHB Cory Bowler
|
0-0: Called Strike Jason Todd steals 2nd base (no throw) 0-1: Ball 1-1: Ball 2-1: Swinging Strike 2-2: Fly out, F7 (Flyball, 7S, EV 78.8 MPH)
|
|
Batting: RHB Justin Curran
|
0-0: Foul Ball, location: 2F 0-1: Called Strike 0-2: Ball 1-2: Fly out, F6 (Popup, P, EV 80.6 MPH)
|
|
Batting: RHB Jonathan Kirsch
|
0-0: Called Strike 0-1: Ball Passed Ball! Jason Todd to third 1-1: Ball 2-1: Foul Ball, location: 2F 2-2: Ball 3-2: DOUBLE (Groundball, 3D, EV 101.2 MPH) Jason Todd scores
|
|
Batting: SHB Dave Reynoso
|
0-0: Fly out, F6 (Popup, 6, EV 79.4 MPH)
|
| Bottom of the 7th over - 1 run, 1 hit, 0 errors, 1 left on base; San Diego (APP) 10 - Ogden 4 |
| TOP OF THE 8TH |
|
San Diego (APP) Padres batting - Pitching for Ogden Raptors : RHP Alfredo Sanchez
|
|
Batting: RHB Adrian Cook
|
0-0: Ball 1-0: Ball 2-0: Ball 3-0: Base on Balls
|
|
Batting: RHB Aaron Joseph
|
0-0: Ball Adrian Cook steals 2nd, throwing error, E2 Adrian Cook to third 1-0: SINGLE (Flyball, 5D, EV 91.2 MPH) Adrian Cook scores
|
|
Batting: LHB Carlos Cuellar
|
0-0: Ball 1-0: Ball 2-0: Ball 3-0: Called Strike 3-1: Base on Balls Aaron Joseph to second
|
|
Batting: LHB Conor Barron
|
0-0: Called Strike 0-1: Ball 1-1: Swinging Strike 1-2: Grounds into double play, 4-6-3 (Groundball, 4D, EV 99.4 MPH) Aaron Joseph to third
|
|
Batting: RHB Brian Klinkner
|
0-0: Ball 1-0: Called Strike 1-1: Hit by Pitch
|
|
Pinch Hitting: RHB Mike MacLeod
|
0-0: Swinging Strike 0-1: Foul Ball, location: 2F 0-2: Ball 1-2: DOUBLE (Groundball, 5L, EV 94.4 MPH) Aaron Joseph scores Brian Klinkner to third Runner from 3rd tries for Home, SAFE, no throw by LF
|
|
Batting: LHB Ramon Padilla
|
0-0: Called Strike 0-1: 2-RUN HOME RUN (Flyball, 78XD, EV 108.8 MPH), Distance : 425 ft
|
|
Pitching: LHP Junro Kato
|
|
|
Batting: RHB Ed Oake
|
0-0: Foul Ball, location: 2F 0-1: Ball 1-1: Ball 2-1: Ball 3-1: Base on Balls
|
|
Batting: RHB Hugo Montemayor
|
0-0: Ball 1-0: Foul Ball, location: 2F 1-1: Called Strike 1-2: Ball 2-2: Foul Ball, location: 2F 2-2: Strikes out looking
|
| Top of the 8th over - 5 runs, 3 hits, 1 error, 1 left on base; San Diego (APP) 15 - Ogden 4 |
| BOTTOM OF THE 8TH |
|
Ogden Raptors batting - Pitching for San Diego (APP) Padres : RHP Eric Busby
|
|
Pitching: RHP Mason Broderick
|
|
|
Now at 2B: Mike MacLeod
|
|
|
Batting: LHB Nate Kee
|
0-0: Ball 1-0: Called Strike 1-1: Ball 2-1: Swinging Strike 2-2: Ball 3-2: Strikes out swinging
|
|
Batting: RHB Joe Bower
|
0-0: Ball 1-0: SINGLE (Groundball, 6M, EV 102.5 MPH) (infield hit)
|
|
Batting: RHB Brad Brady
|
0-0: Fly out, F9 (Flyball, 89D, EV 91.9 MPH)
|
|
Batting: RHB John Hanson
|
0-0: Ball 1-0: Swinging Strike 1-1: Ball 2-1: Foul Ball, location: 2F 2-2: Foul Ball, location: 2F 2-2: Strikes out looking
|
| Bottom of the 8th over - 0 runs, 1 hit, 0 errors, 1 left on base; San Diego (APP) 15 - Ogden 4 |
| TOP OF THE 9TH |
|
San Diego (APP) Padres batting - Pitching for Ogden Raptors : LHP Junro Kato
|
|
Batting: RHB Adrian Cook
|
0-0: Ball 1-0: Ball 2-0: Ground out 4-3 (Groundball, 4, EV 103.1 MPH)
|
|
Batting: RHB Aaron Joseph
|
0-0: Ball 1-0: Called Strike 1-1: Ball 2-1: Ball 3-1: Base on Balls
|
|
Pinch Hitting: SHB Isaiah Scates
|
0-0: Foul Ball, location: 2F Balk! Aaron Joseph to second 0-1: Swinging Strike 0-2: Ball 1-2: Foul Ball, location: 2F 1-2: Strikes out swinging
|
|
Batting: LHB Conor Barron
|
0-0: Ball 1-0: Called Strike 1-1: Called Strike 1-2: Ball 2-2: SINGLE (Line Drive, 78S, EV 105.0 MPH) Aaron Joseph to third
|
|
Batting: RHB Brian Klinkner
|
0-0: Called Strike 0-1: Ball 1-1: Ball 2-1: Ground out U3 (Groundball, 34S, EV 86.2 MPH)
|
| Top of the 9th over - 0 runs, 1 hit, 0 errors, 2 left on base; San Diego (APP) 15 - Ogden 4 |
| BOTTOM OF THE 9TH |
|
Ogden Raptors batting - Pitching for San Diego (APP) Padres : RHP Mason Broderick
|
|
Now in RF: Isaiah Scates
|
|
|
Batting: SHB Jason Todd
|
0-0: Ball 1-0: Ball 2-0: Swinging Strike 2-1: Foul Ball, location: 2F 2-2: Strikes out swinging
|
|
Batting: LHB Cory Bowler
|
0-0: Foul Ball, location: 2F 0-1: Foul Ball, location: 2F 0-2: Ball 1-2: Ball 2-2: Foul Ball, location: 2F 2-2: Ball 3-2: Base on Balls
|
|
Batting: RHB Justin Curran
|
0-0: Called Strike 0-1: SINGLE (Line Drive, 4MD, EV 98.1 MPH) Cory Bowler to second
|
|
Batting: RHB Jonathan Kirsch
|
0-0: Called Strike 0-1: Ball 1-1: Foul Ball, location: 2F 1-2: Hit by Pitch Cory Bowler to third Justin Curran to second
|
|
Batting: SHB Dave Reynoso
|
0-0: Fly out, F9 (Flyball, 9, EV 86.2 MPH)
|
|
Batting: LHB Nate Kee
|
0-0: Ball 1-0: Called Strike 1-1: Swinging Strike 1-2: Ball 2-2: Foul Ball, location: 2F 2-2: Strikes out swinging
|
| Bottom of the 9th over - 0 runs, 1 hit, 0 errors, 3 left on base; San Diego (APP) 15 - Ogden 4 |
|